 Dungeon Crawl Stone Soup version 0.24.0-10-g970556be89 (webtiles) character file.

Game seed: 14809027392517338381, levelgen mode: deterministic

216 Delamore the Chopper (level 5, -5/46 HPs)
             Began as a Hill Orc Monk on Nov 4, 2019.
             Was a Believer of Beogh.
             Slain by Crazy Yiuf
             ... wielding a +4 quarterstaff of chaos
              (12 damage)
             ... on level 3 of the Dungeon.
             The game lasted 00:05:54 (3598 turns).

Delamore the Chopper (Hill Orc Monk)                Turns: 3598, Time: 00:05:56

Health: -5/46      AC:  6    Str: 15    XL:     5   Next: 93%
Magic:  5/5        EV: 13    Int: 10    God:    Beogh [**....]
Gold:   119        SH:  0    Dex: 13    Spells: 4/4 levels left

rFire    . . .     SeeInvis .   a - +0 hand axe
rCold    . . .     Gourm    .   (no shield)
rNeg     . . .     Faith    .   m - +0 robe (curse)
rPois    .         Spirit   .   q - +0 helmet
rElec    .         Reflect  .   (no cloak)
rCorr    .         Harm     .   (no gloves)
MR       .....                  (no boots)
Stlth    ++........             (no amulet)
HPRegen  0.15/turn              l - +3 ring of protection
MPRegen  0.09/turn              (no ring)

@: lethally poisoned (-5 -> -16)
A: no striking features
a: Smiting, Renounce Religion


You were on level 3 of the Dungeon.
You worshipped Beogh.
Beogh was pleased with you.
You were not hungry.

You visited 1 branch of the dungeon, and saw 3 of its levels.

You collected 119 gold pieces.

Inventory:

Hand Weapons
 a - a +0 hand axe (weapon)
Missiles
 b - 17 poisoned darts
 d - 8 curare-tipped darts (quivered)
Armour
 g - a +0 plate armour
 m - a cursed +0 robe (worn)
 q - a +0 helmet (worn)
 r - a +0 animal skin
Jewellery
 l - a +3 ring of protection (left hand)
Scrolls
 e - a scroll of magic mapping {unknown}
 k - 5 scrolls of teleportation
Potions
 f - a potion of brilliance
 h - a potion of degeneration {unknown}
 i - a potion of flight
 j - a potion of lignification {unknown}
 o - a potion of invisibility
 p - a potion of curing {unknown}
Comestibles
 c - 8 rations


   Skills:
 - Level 3.7 Fighting
 + Level 7.5 Axes
 + Level 2.7 Armour
 - Level 2.4 Dodging
 - Level 1.5 Stealth


You had 4 spell levels left.
You didn't know any spells.
Your spell library was empty.

Dungeon Overview and Level Annotations

Branches:
Dungeon (3/15)

Altars:

Annotations:
D:3 Crazy Yiuf


Message History

Space bends around you.
You closely miss Crazy Yiuf. You closely miss Crazy Yiuf.
Crazy Yiuf misses you.
You hit Crazy Yiuf.
Crazy Yiuf is lightly wounded.
Crazy Yiuf hits you with a +4 quarterstaff of chaos.
You are poisoned.
You hit Crazy Yiuf.
Crazy Yiuf is moderately wounded.
You feel sick.
Crazy Yiuf grits, "Candle Orb Guardian King!"
Crazy Yiuf hits you but does no damage. Space warps horribly around you!
* * * LOW HITPOINT WARNING * * *
You hit Crazy Yiuf.
Crazy Yiuf is heavily wounded.
* * * LOW HITPOINT WARNING * * *
You feel sick.
Crazy Yiuf waves his quarterstaff at you.
Crazy Yiuf hits you with a +4 quarterstaff of chaos!
You die...

#.......##..#.#
##########.>#.#
##.#.# #####
#..#.# #..)#
####.# #...#
####.# ...
#....# #g#
#.#### ##@# #.#
#.## #.# ##.#
#.# #.## #.#
##.## #.#
#...## #.#
#....# #.#
#....# #.#
##..#####.#


You could see Crazy Yiuf.

Vanquished Creatures
  An ogre (D:3)
  A hound skeleton (D:2)
  Robin (D:3)
  4 adders
  An ooze (D:1)
  A worm (D:2)
  A dart slug (D:3)
  2 leopard geckos
  2 orcs (D:3)
  5 bats (D:1)
  2 giant cockroaches (D:1)
  12 goblins
  7 hobgoblins
  3 jackals (D:2)
  7 kobolds
  A quokka (D:3)
  7 frilled lizards
  4 rats
62 creatures vanquished.

Notes
Turn   | Place    | Note
-------+----------+-------------------------------------------
     0 | D:1      | Delamore the Hill Orc Monk began the quest for the Orb.
     0 | D:1      | Reached XP level 1. HP: 19/19 MP: 1/1
   104 | D:1      | Reached XP level 2. HP: 19/27 MP: 2/2
   543 | D:1      | Reached skill level 5 in Axes
   719 | D:1      | Reached XP level 3. HP: 31/33 MP: 3/3
  1238 | D:2      | Reached skill level 1 in Armour
  1462 | D:2      | Reached XP level 4. HP: 30/40 MP: 4/4
  1692 | D:2      | Found a faded altar of an unknown god.
  1984 | D:2      | Reached skill level 6 in Axes
  2495 | D:3      | Became a worshipper of Beogh the Brigand
  2495 | D:3      | Reached * piety under Beogh
  2495 | D:3      | Reached ** piety under Beogh
  2495 | D:3      | Noticed an ogre
  2514 | D:3      | Killed an ogre
  2514 | D:3      | Reached skill level 7 in Axes
  2514 | D:3      | Reached XP level 5. HP: 30/46 MP: 5/5
  2554 | D:3      | Noticed Robin
  2948 | D:3      | Killed Robin
  3121 | D:3      | Found a runed translucent door.
  3123 | D:3      | Noticed Crazy Yiuf
  3598 | D:3      | Slain by Crazy Yiuf

Levels and vault maps discovered:
D:1:      evilmike_arrival_crescent, layout_basic
D:2:      layout_basic, chequers_ecumenical_altar_twisty,
          kennysheep_generic_room_14
D:3:      layout_basic, uniq_robin, uniq_crazy_yiuf_cottage

Skill      XL: |  1  2  3  4 |
---------------+-------------+-----
Axes           | 5 7 |  7.5
Armour         | 1 2 |  2.7
Fighting       | |  3.7
Dodging        | |  2.4
Stealth        | |  1.5

Action                   |  1- 3 |  4- 6 || total
-------------------------+-------+-------++-------
Melee: Hand axe          |    90 |   120 ||   210
Invok: Convert to Beogh  |       |     1 ||     1
  Use: Scroll            |     4 |     2 ||     6
 Stab: Sleeping          |     2 |     1 ||     3
  Eat: Chunk             |     2 |     4 ||     6
       Ration            |       |     1 ||     1
Armor: Robe              |     2 |    16 ||    18
       Leather armour    |     5 |       ||     5
       Plate armour      |    33 |    22 ||    55
Dodge: Dodged            |    42 |    49 ||    91
